 Dungeon Crawl Stone Soup version 0.31-a0-705-ga145531891 (webtiles) character file.

Game seed: 11353489296020356670

84 qw the Shooter (level 4, -1/28 HPs)
             Began as a Gargoyle Hunter on Sept 9, 2023.
             Killed from afar by Sigmund (11 damage)
             ... with a puff of flame
             ... on level 3 of the Dungeon.
             The game lasted 00:00:44 (1689 turns).

qw the Shooter (Gargoyle Hunter)                    Turns: 1689, Time: 00:00:45

Health: -1/28      AC:  9    Str: 15    XL:     4   Next: 45%
Magic:  4/4        EV: 11    Int:  9    God:
Gold:   26         SH:  0    Dex: 15    Spells: 3/3 levels left

rFire   . . .        Y - +0 shortbow
rCold   . . .        (shield currently unavailable)
rNeg    + . .        b - +1 ring mail of Kami {rElec}
rPois   inf          (no helmet)
rElec   +            (no cloak)
rCorr   .            (no gloves)
SInv    .            (no boots)
Will    .....        (no amulet)
Stlth   +            (no ring)
HPRegen 0.24/turn    (no ring)
MPRegen 0.09/turn

%: no passive effects
@: no status effects
A: sickness immunity, AC +3, negative energy resistance 1, electricity
resistance, torment resistance 1, petrification resistance
a: no special abilities


You were on level 3 of the Dungeon.
You visited 1 branch of the dungeon, and saw 3 of its levels.

You collected 125 gold pieces.
You spent 99 gold pieces at shops.


Innate Abilities, Weirdness & Mutations

You are immune to sickness and miasma.
Your stone body is resilient. (AC +3)
You are immune to poison.
You resist negative energy. (rN+)
You are resistant to electric shocks. (rElec)
You are resistant to unholy torment.
You are immune to petrification.


   Skills:
 - Level 3.1 Fighting
 + Level 5.2 Ranged Weapons
 - Level 1.0 Armour
 - Level 1.5 Dodging
 - Level 1.1 Stealth


You had 3 spell levels left.
You didn't know any spells.
Your spell library was empty.

Inventory:

Hand Weapons
 Y - a +0 shortbow (weapon)
Armour
 b - the +1 ring mail of Kami (worn) {rElec}
   (You took it off a kobold on level 2 of the Dungeon)

   rElec:     It insulates you from electricity.
Scrolls
 c - 2 scrolls of revelation {unknown}
Potions
 a - a potion of heal wounds {unknown}
 f - a potion of mutation {unknown}
 g - a potion of attraction {unknown}
 h - a potion of magic {unknown}
 i - a potion of brilliance {unknown}
 j - a potion of curing
 k - a potion of ambrosia {unknown}

Dungeon Overview and Level Annotations

Branches:
Dungeon (3/15)

Altars:
Nemelex Xobeh

Shops:
D:2 !=((

Annotations:
D:3 Sigmund


Message History

You are confused.
1677 ||| DRINKING 3 potions of curing.
You feel better.
1677 ||| (to cure confusion)
You shoot an arrow. The arrow barely misses Sigmund.
Sigmund points at you and mumbles some strange words.
You are confused.
1679 ||| DRINKING 2 potions of curing.
You feel better.
1679 ||| (to cure confusion)
You hear the rusting of a distant drain.
You shoot an arrow. The arrow barely misses Sigmund.
Sigmund completely misses you.
You shoot an arrow. The arrow barely misses Sigmund.
Sigmund misses you.
You shoot an arrow. The arrow closely misses Sigmund.
Sigmund misses you.
You shoot an arrow.
The arrow hits Sigmund but does no damage.
Sigmund is severely wounded.
You shoot an arrow. The arrow completely misses Sigmund.
Sigmund hits you from afar with a +0 scythe!
You shoot an arrow. The arrow hits Sigmund.
Sigmund is almost dead.
Sigmund hits you from afar with a +0 scythe.
You shoot an arrow.
The arrow hits Sigmund but does no damage.
Sigmund is almost dead.
Sigmund casts a spell at you. The magic dart hits you.
You shoot an arrow. The arrow completely misses Sigmund.
Sigmund hits you but does no damage.
You shoot an arrow. The arrow hits Sigmund.
Sigmund is almost dead.
Sigmund giggles. "Time to reap what you sow."
Sigmund casts a spell at you. The puff of flame hits you!
You shoot an arrow. The arrow barely misses Sigmund.
Sigmund gestures at you while chanting. The puff of flame hits you!
You die...
Sigmund begins carving another notch in his scythe.

##.....##...#
##...##....#
#####..####
#########.##
#.........#
#.......%##
#........#
#........#
#..>..@..#
#........#
#.....@..#
#........#
#........#
#........#
#...)....+
#........#
########.#


You could see Sigmund.

Vanquished Creatures
  4 adders
  2 worms
  4 endoplasms
  2 giant cockroaches
  A goblin (D:3)
  5 hobgoblins
  2 quokkas
  6 ball pythons
  3 bats
  A frilled lizard (D:1)
  8 kobolds
  4 rats
42 creatures vanquished.

Notes
Turn   | Place    | Note
-------+----------+-------------------------------------------
     0 | D:1      | qw the Gargoyle Hunter began the quest for the Orb.
     0 | D:1      | Reached XP level 1. HP: 12/12 MP: 1/1
     0 | D:1      | 0 ||| qw: Version: 0.3-a-80-g6052c40
     0 | D:1      | 0 ||| qw: Game counter: 1313
     0 | D:1      | 0 ||| qw: Melee chars always use a shield: true
     0 | D:1      | 0 ||| qw: God list: Okawaru
     0 | D:1      | 0 ||| qw: Allow faded altars: false
     0 | D:1      | 0 ||| qw: Do Orc after clearing Dungeon:15 true
     0 | D:1      | 0 ||| qw: Do second Lair branch before Depths: true
     0 | D:1      | 0 ||| qw: Lair rune preference: random
     0 | D:1      | 0 ||| qw: Goals: Normal
     0 | D:1      | 0 ||| PLANNING D:1-11
   132 | D:1      | Reached XP level 2. HP: 14/17 MP: 2/2
   703 | D:1      | 703 ||| UPGRADING to +0 ring mail.
   713 | D:1      | 713 ||| DROPPING +0 leather armour.
   714 | D:1      | 714 ||| READING 2 scrolls labelled VOWASY PES TESK.
   715 | D:1      | 715 ||| READING scroll labelled GEL KAFESUIL.
   716 | D:1      | 716 ||| DROPPING scroll of blinking.
   717 | D:1      | 717 ||| DROPPING scroll of butterflies.
   792 | D:2      | Found Jiqer's Weapon Emporium.
   809 | D:2      | Reached skill level 1 in Armour
   882 | D:2      | Reached XP level 3. HP: 21/21 MP: 3/3
   906 | D:2      | Identified the +1 ring mail of Kami {rElec}
   912 | D:2      | Reached skill level 5 in Ranged Weapons
   964 | D:2      | Found a faded altar of an unknown god.
   995 | D:2      | Found Guqayging's Jewellery Shop.
  1001 | D:2      | 1001 ||| SHOPLISTING +5 ring of evasion (432 gold, have
                  | 81).
  1001 | D:2      | 1001 ||| SHOPLISTING +6 ring of dexterity (432 gold, have
                  | 81).
  1001 | D:2      | 1001 ||| SHOPLISTING +6 ring of strength (432 gold, have
                  | 81).
  1001 | D:2      | 1001 ||| SHOPLISTING amulet of the acrobat (360 gold, have
                  | 81).
  1001 | D:2      | 1001 ||| SHOPLISTING ring of positive energy (240 gold,
                  | have 81).
  1001 | D:2      | 1001 ||| SHOPLISTING ring of protection from fire (300
                  | gold, have 81).
  1001 | D:2      | 1001 ||| SHOPLISTING ring of see invisible (180 gold, have
                  | 81).
  1102 | D:2      | Found a sparkling altar of Nemelex Xobeh.
  1164 | D:2      | Found Jimumac's Antique Weapon Boutique.
  1204 | D:2      | Found Jijaskum's Distillery.
  1207 | D:2      | 1207 ||| BUYING potion of curing (33 gold).
  1207 | D:2      | Bought a potion of curing for 33 gold pieces
  1207 | D:2      | 1207 ||| BUYING potion of curing (33 gold).
  1207 | D:2      | Bought a potion of curing for 33 gold pieces
  1207 | D:2      | 1207 ||| BUYING potion of curing (33 gold).
  1207 | D:2      | Bought a potion of curing for 33 gold pieces
  1207 | D:2      | 1207 ||| SHOPLISTING potion of enlightenment (55 gold, have
                  | 11).
  1207 | D:2      | 1207 ||| SHOPLISTING potion of might (44 gold, have 11).
  1207 | D:2      | 1207 ||| SHOPLISTING potion of mutation (88 gold, have 11).
  1261 | D:2      | 1261 ||| UPGRADING to +1 ring mail of Kami {rElec}.
  1271 | D:2      | 1271 ||| DROPPING +0 ring mail.
  1272 | D:2      | 1272 ||| READING scroll labelled KYIFAU KOER.
  1373 | D:2      | 1373 ||| READING scroll labelled FUOHEMM WOXZOS.
  1394 | D:3      | 1394 ||| PLANNING SEWER
  1395 | D:3      | 1395 ||| STAIRDANCE
  1401 | D:2      | Reached skill level 3 in Fighting
  1401 | D:2      | Reached XP level 4. HP: 27/28 MP: 4/4
  1668 | D:3      | Noticed Sigmund
  1672 | D:3      | 1672 ||| FLEEEEING.
  1673 | D:3      | 1673 ||| FLEEEEING.
  1674 | D:3      | 1674 ||| DRINKING 4 potions of curing.
  1674 | D:3      | 1674 ||| (to cure confusion)
  1677 | D:3      | 1677 ||| DRINKING 3 potions of curing.
  1677 | D:3      | 1677 ||| (to cure confusion)
  1679 | D:3      | 1679 ||| DRINKING 2 potions of curing.
  1679 | D:3      | 1679 ||| (to cure confusion)
  1689 | D:3      | Killed from afar by Sigmund

Levels and vault maps discovered:
D:1:      saegor_arrival_simple_d, layout_loops_ring, minmay_misc_feat_hallway
D:2:      layout_rooms, basic_ecumenical_altar, basic_altar, serial_shops,
          nicolae_shop_waterfront, shop, nicolae_shop_behind_doors, shop
D:3:      kennysheep_six_static_rooms, layout_basic, portal_sewer_entry_b,
          uniq_sigmund, uniq_robin

Skill      XL: |  1  2  3 |
---------------+----------+-----
Armour         | 1 |  1.0
Ranged Weapons | 5 |  5.2
Fighting       | 3 |  3.1
Dodging        | |  1.5
Stealth        | |  1.1

Action                     |  1- 3 |  4- 6 || total
---------------------------+-------+-------++-------
   Fire: Shortbow          |   110 |    68 ||   178
    Use: Scroll            |     4 |       ||     4
         Potion            |       |     3 ||     3
 Armour: Leather armour    |    14 |       ||    14
         Ring mail         |    18 |    27 ||    45
  Dodge: Dodged            |    29 |    25 ||    54

Table legend:
 A = Non-vault XP
 B = Vault XP
 C = Vault XP percentage of total XP
 D = Non-vault monster count
 E = Vault monster count
 F = Vault count percentage of total count
                 A         B        C        D         E       F
            +---------+---------+-------+---------+---------+-------
      Total |     113 |       7 |   5.8 |      37 |       5 |  11.9
            +---------+---------+-------+---------+---------+-------
        D:1 |      17 |       0 |   0.0 |      12 |       0 |   0.0
        D:2 |      74 |       0 |   0.0 |      21 |       0 |   0.0
        D:3 |      22 |       7 |  24.1 |       4 |       5 |  55.6
            +---------+---------+-------+---------+---------+-------
